 Dungeon Crawl Stone Soup version 0.19-a0-1675-gc11f27c (webtiles) character file.

50052 TheGoonsmith the Bludgeoner (level 14, -2/88 HPs)
             Began as a Gargoyle Monk on Sept 23, 2016.
             Was the Champion of Cheibriados.
             Slain by an orc high priest
             ... wielding a +0 glaive
              (3 damage)
             ... on level 2 of the Orcish Mines.
             The game lasted 00:33:33 (16098 turns).

TheGoonsmith the Bludgeoner (Gargoyle Monk)        Turns: 16098, Time: 00:33:33

Health: -2/88      AC: 41    Str: 36    XL:     14   Next: 53%
Magic:  9/21       EV: 17    Int: 29    God:    Cheibriados [******]
Gold:   1788       SH:  4    Dex: 33    Spells: 1 memorised, 10 levels left

rFire  + + .     SeeInvis .     u - +2 great mace (flame)
rCold  . . .     Gourm    .     y - +8 chain mail of Trial and Error {*Slow +Blink Int+3}
rNeg   + . .     Faith    .     (shield currently unavailable)
rPois  ∞         Spirit   .     W - +1 helmet
rElec  +         Dismiss  .     i - +2 cloak
rCorr  .         Reflect  +     f - +2 pair of gloves
MR     +....     Harm     .     x - +0 pair of boots of the Fisher {rElec rF++ rC-}
Stlth  +.........               G - +4 amulet of reflection
                                M - +3 ring of slaying
                                V - ring of protection from cold

@: agile, slowed, very slow
A: big wings, icy blue scales 1, negative energy resistance 1, electricity
resistance, strong 1, unbreathing, petrification resistance, rot immunity, AC +9
a: Fly, Bend Time, Temporal Distortion, Slouch, Step From Time, Renounce
Religion, Evoke Blink


You were on level 2 of the Orcish Mines.
You worshipped Cheibriados.
Cheibriados was exalted by your worship.
You were not hungry.

You visited 4 branches of the dungeon, and saw 19 of its levels.
You also visited: Volcano.

You collected 1788 gold pieces.

Inventory:

Hand Weapons
 u - a +2 great mace of flaming (weapon)
Missiles
 h - 9 tomahawks (quivered)
 D - 3 tomahawks of returning
 R - 6 javelins
Armour
 f - a +2 pair of gloves (worn)
 i - a +2 cloak (worn)
 s - a fire dragon hide
 x - the +0 pair of boots of the Fisher (worn) {rElec rF++ rC-}
   (You found it on level 4 of the Dungeon)

   It greatly protects you from fire.
   It makes you vulnerable to cold.
   It insulates you from electricity.
 y - the +8 chain mail of Trial and Error (worn) {*Slow +Blink Int+3}
   (You found it on level 4 of the Lair of Beasts)

   It affects your intelligence (+3).
   It lets you blink.
   It may slow you when you take damage.
 K - a +0 plate armour
 W - a +1 helmet (worn)
Jewellery
 a - a cursed ring of loudness {unknown}
 G - a +4 amulet of reflection (around neck)
 M - a +3 ring of slaying (right hand)
 Q - an uncursed ring of resist corrosion
 V - a ring of protection from cold (left hand)
 Z - an uncursed ring of protection from fire {unknown}
Wands
 b - a wand of slowing (11/48)
 l - a wand of disintegration (7/24)
 n - a wand of paralysis (16/24)
 w - a wand of paralysis (17/24)
 B - a wand of iceblast (10/15)
 E - a wand of lightning (8/15)
 F - a wand of paralysis (17/24)
 O - a wand of iceblast (5/15)
 P - a wand of disintegration (12/24)
 Y - a wand of iceblast (9/15)
Scrolls
 e - 3 scrolls of remove curse
 r - a scroll of identify
 t - 2 scrolls of fear
 S - 2 scrolls of teleportation
Potions
 g - a potion of brilliance
 j - 3 potions of cancellation
 k - a potion of might
 p - 2 potions of berserk rage
 v - 3 potions of resistance
 z - a potion of ambrosia {unknown}
 A - a potion of flight
 H - 5 potions of curing
 I - 2 potions of heal wounds
 N - a potion of mutation
 U - 2 potions of cure mutation {unknown}
Books
 J - a book of Changes

   Spells                             Type                      Level
   a - Beastly Appendage              Transmutation                1
   b - Sticks to Snakes               Transmutation                2
   c - Spider Form                    Transmutation/Poison         3
   d - Ice Form                       Ice/Transmutation            4
   e - Blade Hands                    Transmutation                5
Miscellaneous
 q - a phantom mirror
 L - a box of beasts
Comestibles
 c - 8 bread rations
 d - 3 slices of pizza
 m - 11 fruits
 o - 2 beef jerkies
 T - 2 meat rations


   Skills:
 - Level 10.0 Fighting
 * Level 19.0 Maces & Flails
 + Level 8.2 Armour
 - Level 3.0 Dodging
 - Level 2.1 Stealth
 - Level 10.0 Invocations


You had 10 spell levels left.
You knew the following spells:

 Your Spells              Type           Power        Failure   Level  Hunger
a - Regeneration          Chrm/Necr      #.........   89%         3    ####...


Dungeon Overview and Level Annotations

Branches:
Dungeon (10/15)            Temple (1/1) D:7            Lair (6/6) D:9
 Shoals (0/4) Lair:4       Spider (0/4) Lair:3          Orc (2/2) D:9
    Elf (0/3) Orc:2
  Slime: Lair:5-6

Altars:
Cheibriados
Dithmenos
Fedhas
Gozag
Hepliaklqana
Kikubaaqudgha
Nemelex Xobeh
Okawaru
Qazlal
Sif Muna
Trog
Uskayaw
Vehumet
Xom
Yredelemnul
Zin
The Shining One


Innate Abilities, Weirdness & Mutations

You are resistant to torment.
Your stone body is resilient. (AC +9)
You are immune to poison.
Your large and strong wings let you fly indefinitely.
You resist negative energy. (rN+)
You are resistant to electric shocks. (rElec)
You can survive without breathing.
You are immune to petrification.
You are immune to rotting.
You are partially covered in icy blue scales. (AC +2)
Your muscles are strong. (Str +2)


Message History

The orc knight closely misses you.
The orc high priest hits you but does no damage.
The orc knight hits you with an enchanted great mace!
* * * LOW HITPOINT WARNING * * *
The orc knight unwields an uncursed arbalest.
The orc knight wields an uncursed war axe.
The orc knight hits you but does no damage.
An orc warrior comes into view. It is wielding a battleaxe.
Items here: )) [[ † a scimitar of electrocution; a plate armour; a battleaxe; a chain mail an orc corpse You closely miss the orc high priest.
The orc high priest is almost dead.
The orc high priest invokes the aid of Beogh against you.
Beogh smites you!
* * * LOW HITPOINT WARNING * * *
The orc knight roars a battlecry!
You block the orc knight's attack.
The orc high priest hits you with a glaive.
You die...

##...... ## #....)) #$
#.##.#.<) ##. ...###.))
## #.. ### ##...#.##.#
... #..###.###.......###
..)†#..§§§..#...#...# #
..)).)oo.§......... ##
..o)o[o@§.......# ##.
..).))§))......# #..
..))...))......#### ##..
............(...#.###...
....#..............#....
....#...........#)#.....
### ##.........#.#......
#...............#...
##$$.....#.#.#.##...


You could see 2 orc knights, an orc high priest, an orc warrior and an orc.

Vanquished Creatures
  An orc warlord (Orc:1)
  The ghost of plsesad the Fencer, a journeyman MiBe of Trog (Lair:1)
  A fire dragon (Volcano)
  Harold (Lair:4)
  A hydra (Lair:3)
  7 death yaks
  2 orc high priests (Orc:2)
  A fire crab (Lair:5)
  A lindwurm (Lair:5)
  Pikel (D:5)
  2 orc sorcerers (Orc:2)
  A manticore (Lair:4)
  An oklob plant (Lair:2)
  2 centaur zombies
  3 black mambas
  12 elephants
  A torpor snail (Lair:5)
  A gargoyle (D:9)
  2 rime drakes
  7 spiny frogs
  2 ice devils (Lair:3)
  5 komodo dragons
  3 trolls
  A merfolk (Lair:4)
  6 two-headed ogres
  5 jumping spiders (Lair:3)
  17 blink frogs
  A dream sheep (Lair:5)
  11 hippogriffs
  4 redbacks (Lair:3)
  4 wyverns (Volcano)
  2 basilisks
  31 yaks
  5 fire bats (Volcano)
  4 steam dragons (Volcano)
  3 hungry ghosts
  3 mottled dragons (Volcano)
  A warg (Orc:2)
  7 water moccasins
  8 porcupines
  A hell hound (D:9)
  21 orc warriors
  2 ice beasts
  3 sky beasts
  A black bear (Lair:2)
  10 ogres
  10 wolves
  A phantom (D:9)
  12 crocodiles
  2 big kobolds
  A wyvern zombie (D:7)
  13 bullfrogs
  A scorpion (D:5)
  3 troll zombies
  12 killer bees
  A vampire bat (D:3)
  5 wights (D:9)
  A howler monkey (D:8)
  An electric eel (Lair:2)
  5 crimson imps
  5 hounds
  2 jellies
  A quasit (D:8)
  12 orc priests
  18 orc wizards
  2 centaur skeletons
  5 iguanas
  A worker ant (D:4)
  A killer bee zombie (D:5)
  5 ogre zombies (D:9)
  A hound skeleton (D:8)
  2 worker ant zombies
  A gnoll (D:5)
  12 adders
  45 river rats
  3 shadow imps
  2 oozes
  A worm (D:2)
  2 dart slugs
  4 leopard geckos
  51 orcs
  6 giant cockroaches
  8 goblins
  4 hobgoblins
  4 jackals
  2 quokkas
  4 ball pythons
  14 bats
  4 frilled lizards
  4 goblin skeletons (D:9)
  2 goblin zombies (D:9)
  A hobgoblin skeleton (D:9)
  A hobgoblin zombie (D:9)
  12 kobolds
  2 leopard gecko skeletons
  5 orc skeletons (D:9)
  12 orc zombies (D:9)
  4 rats
  A plant (Lair:2)
544 creatures vanquished.

Vanquished Creatures (others)
  A steam dragon (Volcano)
  A slave (D:5)
  A gnoll sergeant (D:5)
  2 gnolls (D:5)
  5 fungi
  2 plants (Volcano)
12 creatures vanquished.

Grand Total: 556 creatures vanquished

Notes
Turn   | Place    | Note
-------+----------+-------------------------------------------
     0 | D:1      | TheGoonsmith the Gargoyle Monk began the quest for the Orb.
     0 | D:1      | Reached XP level 1. HP: 14/14 MP: 1/1
     6 | D:1      | Noticed a water moccasin
     6 | D:1      | Noticed an iguana
     6 | D:1      | Noticed a black bear
     7 | D:1      | Noticed a killer bee
    75 | D:1      | Reached XP level 2. HP: 12/19 MP: 2/2
   846 | D:1      | Reached XP level 3. HP: 24/24 MP: 3/3
   902 | D:2      | Reached skill level 4 in Maces & Flails
  1463 | D:2      | Reached XP level 4. HP: 27/29 MP: 4/4
  2341 | D:3      | Reached skill level 5 in Maces & Flails
  2341 | D:3      | Reached XP level 5. HP: 32/34 MP: 5/5
  2707 | D:3      | Found a faded altar of an unknown god.
  3210 | D:4      | Reached XP level 6. HP: 33/40 MP: 6/6
  3253 | D:4      | Reached skill level 5 in Fighting
  3365 | D:4      | Got a pair of distressingly furry boots
  3371 | D:4      | Identified the cursed +0 pair of boots of the Fisher {rElec rF++ rC-} (You found it on level 4 of the Dungeon)
  3399 | D:4      | Found a sparkling altar of Nemelex Xobeh.
  3678 | D:5      | Entered Level 5 of the Dungeon
  3737 | D:5      | Reached skill level 6 in Maces & Flails
  4114 | D:5      | Reached XP level 7. HP: 44/44 MP: 7/7
  4150 | D:5      | Noticed Pikel
  4196 | D:5      | Killed Pikel
  4196 | D:5      | Reached skill level 7 in Maces & Flails
  4196 | D:5      | Reached XP level 8. HP: 50/52 MP: 8/8
  4249 | D:5      | Found a stormy altar of Qazlal.
  4381 | D:5      | Reached skill level 8 in Maces & Flails
  4470 | D:5      | Found a sparkling altar of Nemelex Xobeh.
  4605 | D:5      | Found a hazy altar of Hepliaklqana.
  4605 | D:5      | Found a deep blue altar of Sif Muna.
  5507 | D:7      | Found a staircase to the Ecumenical Temple.
  5523 | Temple   | Entered the Ecumenical Temple
  5630 | Temple   | Became a worshipper of Cheibriados the Contemplative
  5630 | Temple   | Reached * piety under Cheibriados
  5630 | Temple   | Reached ** piety under Cheibriados
  6075 | D:7      | Reached skill level 9 in Maces & Flails
  6411 | D:8      | Reached XP level 9. HP: 57/57 MP: 9/9
  6510 | D:8      | Reached skill level 10 in Maces & Flails
  6680 | D:8      | Reached *** piety under Cheibriados
  7050 | D:8      | Reached skill level 11 in Maces & Flails
  7094 | D:8      | Reached XP level 10. HP: 57/66 MP: 10/10
  7251 | D:9      | Found a staircase to the Orcish Mines.
  7290 | D:9      | Reached skill level 12 in Maces & Flails
  7311 | D:9      | Reached **** piety under Cheibriados
  7538 | D:9      | Reached ***** piety under Cheibriados
  7627 | D:9      | Found a staircase to the Lair.
  7718 | D:9      | Noticed a gargoyle
  7720 | D:9      | Killed a gargoyle
  7720 | D:9      | Reached skill level 10 in Fighting
  8010 | D:9      | Reached skill level 1 in Armour
  8095 | D:10     | Entered Level 10 of the Dungeon
  8410 | D:10     | Reached skill level 13 in Maces & Flails
  8536 | D:10     | Reached skill level 1 in Invocations
  8763 | Lair:1   | Entered Level 1 of the Lair of Beasts
  8771 | Lair:1   | Reached XP level 11. HP: 65/72 MP: 12/12
  8824 | Lair:1   | Noticed plsesad's ghost (journeyman MiBe)
  8870 | Lair:1   | Killed plsesad's ghost
  8985 | Lair:1   | Reached skill level 14 in Maces & Flails
  9215 | Lair:1   | Learned a level 3 spell: Regeneration
  9317 | Lair:1   | Reached ****** piety under Cheibriados
  9718 | Lair:1   | Reached skill level 5 in Armour
 10092 | Lair:2   | Reached skill level 15 in Maces & Flails
 10095 | Lair:2   | Found a dark tunnel.
 10102 | Volcano  | Entered a volcano
 10140 | Volcano  | Reached XP level 12. HP: 77/77 MP: 13/13
 10305 | Volcano  | Noticed a fire dragon
 10317 | Volcano  | Killed a fire dragon
 10971 | Lair:2   | Reached skill level 5 in Invocations
 11003 | Lair:2   | Reached skill level 16 in Maces & Flails
 11570 | Lair:3   | Noticed a death yak
 11570 | Lair:3   | Noticed a death yak
 11570 | Lair:3   | Noticed a death yak
 11570 | Lair:3   | Noticed a death yak
 11575 | Lair:3   | Killed a death yak
 11578 | Lair:3   | Killed a death yak
 11587 | Lair:3   | Killed a death yak
 11591 | Lair:3   | Killed a death yak
 11627 | Lair:2   | Reached XP level 13. HP: 55/82 MP: 18/18
 12146 | Lair:3   | Reached skill level 17 in Maces & Flails
 12217 | Lair:3   | Found a hole to the Spider Nest.
 12983 | Lair:4   | Gained mutation: Your muscles are strong. (Str +2) [potion of beneficial mutation]
 12984 | Lair:4   | Gained mutation: You are partially covered in icy blue scales. (AC +2) [potion of beneficial mutation]
 13143 | Lair:4   | Found a staircase to the Shoals.
 13335 | Lair:4   | Got a twisted chain mail
 13336 | Lair:4   | Identified the +8 chain mail of Trial and Error {*Slow +Blink Int+3} (You found it on level 4 of the Lair of Beasts)
 13358 | Lair:4   | Noticed Harold
 13370 | Lair:4   | Killed Harold
 14125 | Lair:5   | Reached skill level 18 in Maces & Flails
 14378 | Lair:5   | Gained mutation: Your large and strong wings let you fly indefinitely. [Gargoyle growth]
 14378 | Lair:5   | Reached XP level 14. HP: 88/88 MP: 20/20
 15000 | Lair:6   | Entered Level 6 of the Lair of Beasts
 15219 | Orc:1    | Entered Level 1 of the Orcish Mines
 15252 | Orc:1    | Noticed an orc warlord
 15265 | Orc:1    | Killed an orc warlord
 15666 | Orc:2    | Entered Level 2 of the Orcish Mines
 16006 | Orc:2    | Found a staircase to the Elven Halls.
 16061 | Orc:2    | Reached skill level 10 in Invocations
 16093 | Orc:2    | Reached skill level 19 in Maces & Flails
 16098 | Orc:2    | HP: 1/88 [orc high priest/divine providence (10)]
 16098 | Orc:2    | Slain by an orc high priest

Vault maps used:
D:1:      onia_arrival_zoo_common
D:3:      ecumenical_altar_1, roderic_batcave
D:4:      first_bread, nemelex_spade_bored_becter
D:5:      nicolae_overflow_hidden_temple, roderic_roman_lattice,
          nemelex_diamond_rough_becter, uniq_pikel
D:6:      item_on_display_a
D:9:      minmay_lair_entry_lava, zombieorc2_lemuel
Temple:   dpeg_five_rooms_temple
Lair:1:   st_stairs_3, grunt_megastairs_4, infiniplex_staircase_pool
Lair:2:   minmay_lair_oklob_chamber, nicolae_volcano_entry_hallway
Lair:3:   nicolae_spider_entry_tight_spaces, portal_ice_cave_demonic_guard,
          patterned_corridor
Lair:4:   minmay_shoals_entry_beasts, grunt_megastairs_5, uniq_harold
Lair:6:   due_jungle_book, slime_dummy, serial_bayou_shore_a
Orc:2:    st_orc_congregation
Volcano:  pf_volcano_lost_world

Skill      XL: |  1  2  3  4  5  6  7  8  9 10 11 12 13 14 |
---------------+-------------------------------------------+-----
Maces & Flails | 4 5 6 7 9 11 13 15 16 18 19 | 19.0
Fighting       | 4 5 6 7 9 10 | 10.0
Armour         | 1 5 7 8 |  8.2
Invocations    | 2 6 8 10 | 10.0
Dodging        | 3 |  3.0
Stealth        | |  2.1

Action                   |  1- 3 |  4- 6 |  7- 9 | 10-12 | 13-15 || total
-------------------------+-------+-------+-------+-------+-------++-------
Melee: Mace              |   132 |   341 |    72 |       |       ||   545
       Morningstar       |       |       |   218 |   460 |       ||   678
       Great mace        |       |       |       |   105 |   425 ||   530
Throw: Tomahawk          |       |       |     2 |    15 |    12 ||    29
Invok: Slouch            |       |       |       |       |     9 ||     9
Evoke: Wand              |       |       |     2 |       |       ||     2
  Use: Scroll            |     1 |     6 |     2 |    10 |     8 ||    27
       Potion            |       |     6 |       |     1 |     3 ||    10
 Stab: Sleeping          |     7 |       |       |       |       ||     7
  Eat: Chunk             |     2 |     9 |     9 |     4 |    11 ||    35
       Meat ration       |       |       |       |     2 |       ||     2
       Pizza             |       |       |       |     1 |       ||     1
Armor: Robe              |    57 |     4 |       |       |       ||    61
       Chain mail        |       |   251 |    81 |       |   207 ||   539
       Ring mail         |       |    46 |       |       |       ||    46
       Scale mail        |       |       |    22 |       |       ||    22
       Plate armour      |       |       |   115 |   372 |    98 ||   585
Dodge: Dodged            |   101 |   183 |   120 |   245 |   228 ||   877
Block: Other             |       |       |    37 |    95 |    81 ||   213
       Reflection        |       |       |       |     1 |       ||     1
